 Dungeon Crawl Stone Soup version 0.27.1-34-g3ba077fa99 (webtiles) character file.

Game seed: 14571207375288680546

100 Delamore the Sneak (level 4, 0/29 HPs)
             Began as an Octopode Brigand on Feb 11, 2022.
             Slain by an orc (3 damage)
             ... on level 4 of the Dungeon.
             The game lasted 00:02:02 (3245 turns).

Delamore the Sneak (Octopode Brigand)               Turns: 3245, Time: 00:02:02

Health: 0/29       AC:  1    Str: 10    XL:     4   Next: 73%
Magic:  13/13      EV: 12    Int: 13    God:
Gold:   102        SH:  0    Dex: 14    Spells: 3/3 levels left

rFire    + . .     SeeInvis .   p - +3 dagger
rCold    . . .     Faith    .   (no shield)
rNeg     . . .     Spirit   .   (helmet restricted)
rPois    .         Reflect  .   d - amulet of the acrobat
rElec    .         Harm     .   i - ring of resist corrosion
rCorr    +         Rampage  .   j - ring of protection from fire
Will     .....                  q - ring of magical power
Stlth    +++++.....             (no ring)
HPRegen  0.09/turn              (no ring)
MPRegen  0.13/turn              (no ring)
                                (no ring)
                                (no ring)

@: no status effects
A: almost no armour, amphibious, 8 rings, camouflage 1, gelatinous body 1,
(nimble swimmer 1), tentacles
a: no special abilities


You were on level 4 of the Dungeon.
You visited 1 branch of the dungeon, and saw 4 of its levels.

You collected 102 gold pieces.

Inventory:

Hand Weapons
 a - a +2 dagger
 p - a +3 dagger (weapon)
Missiles
 b - 20 poisoned darts (quivered)
 c - 2 curare-tipped darts
 l - 7 silver boomerangs
Jewellery
 d - an amulet of the acrobat (around mantle)
 i - a ring of resist corrosion (left tentacle)
 j - a ring of protection from fire (right tentacle)
 q - a ring of magical power (on tentacle)
Wands
 g - a wand of iceblast (7)
Scrolls
 h - a scroll of amnesia
 n - a scroll of blinking
Potions
 e - a potion of lignification
 f - 2 potions of haste
 k - a potion of heal wounds {unknown}
 m - a potion of might {unknown}
 o - a potion of attraction {unknown}


   Skills:
 - Level 2.0 Fighting
 + Level 3.1 Short Blades
 - Level 2.0 Throwing
 - Level 1.0 Dodging
 * Level 7.5 Stealth


You had 3 spell levels left.
You didn't know any spells.
Your spell library contained the following spells:

 Spells                   Type           Power      Damage    Failure   Level
 Borgnjor's Revivificati  Necr           0%         N/A       100%        8
 Necromutation            Tmut/Necr      0%         N/A       100%        8
 Death's Door             Necr           0%         N/A       100%        9


Dungeon Overview and Level Annotations

Branches:
Dungeon (4/15)
 Temple: D:4-7

Altars:


Innate Abilities, Weirdness & Mutations

You cannot wear most types of armour.
You are amphibious.
You can wear up to eight rings at the same time.
Your skin changes colour to match your surroundings (Stealth+).
Your rubbery body absorbs attacks. (AC +1, EV +1)
((You are camouflaged near water. (Stealth+)))
You have tentacles for arms and can constrict up to eight enemies at once.


Message History

Found 19 arrows, a hunting sling, 25 stones and an emerald potion.
Found a stone staircase leading down.
There is a stone staircase leading up here.
Found a stone staircase leading down.
m - an emerald potion
Found 12 poisoned darts.
An orc and an orc priest come into view.
There are monsters nearby!
There are monsters nearby!
Found a scroll of identify.
The orc priest shouts!
You hear a shout!
The orc priest looks encouraged for a moment.
You hear a shout!
An orc wizard comes into view. It is wielding a +0 dagger.
The orc wizard shouts!
An orc and an orc warrior come into view.
The orc priest invokes the aid of Beogh against you.
Pain shoots through your body!
You closely miss the orc priest. Your grab misses the orc priest.
You hit the orc wizard. You grab the orc wizard. You squeeze the orc wizard.
The orc wizard is moderately wounded.
You constrict the orc wizard. You hit the orc wizard.
The orc wizard is severely wounded.
You constrict the orc wizard, but do no damage.
The orc warrior closely misses you.
The orc priest hits you with a +0 flail.
The orc wizard barely misses you. The orc barely misses you.
You hit the orc wizard.
You squeeze the orc wizard, but do no damage.
The orc wizard is severely wounded.
You constrict the orc wizard, but do no damage.
The orc warrior closely misses you.
The orc priest mumbles some strange prayers to Beogh against you.
Beogh smites you!
* * * LOW HITPOINT WARNING * * *
The orc wizard hits you with a +0 dagger.
* * * LOW HITPOINT WARNING * * *
The orc hits you with a +0 mace.
You die...

(....<.......# ....
......##.....# #...
......# ...##... .
......# ..#..# ..
.....## #...# ..
....## ##..# .#
.....# #..(#####..#
.....## #.#...#o..#
......# ###.###.@oo#
#####.###...#..?oo..#
#.##..###.#..#.....#
##..#.####...####..##
#..........### .#
#.........## #
#......#### #......#
#.####..#


You could see an orc warrior, an orc priest, an orc wizard and 2 orcs.

Vanquished Creatures
  5 adders
  2 dart slugs (D:2)
  An orc (D:3)
  4 bats
  3 endoplasms
  A giant cockroach (D:1)
  6 goblins
  5 hobgoblins
  5 quokkas
  8 ball pythons
  2 frilled lizards (D:3)
  4 kobolds (D:1)
  2 rats
48 creatures vanquished.

Notes
Turn   | Place    | Note
-------+----------+-------------------------------------------
     0 | D:1      | Delamore the Octopode Brigand began the quest for the Orb.
     0 | D:1      | Reached XP level 1. HP: 14/14 MP: 1/1
   373 | D:1      | Reached XP level 2. HP: 19/19 MP: 2/2
   652 | D:1      | Reached skill level 6 in Stealth
   737 | D:1      | Found a faded altar of an unknown god.
  1345 | D:2      | Reached XP level 3. HP: 24/24 MP: 3/3
  1511 | D:2      | Reached XP level 4. HP: 29/29 MP: 4/4
  1521 | D:2      | Reached skill level 7 in Stealth
  3241 | D:4      | Noticed an orc warrior
  3245 | D:4      | Slain by an orc

Illustrated notes

Levels and vault maps discovered:
D:1:      pf_arrival_petrified_forest, layout_loops_corners,
          ebering_ecumenical_altar_mist, bh_walls_and_bars
D:2:      layout_loops_cross, minivault_25, amcnicky_mini_corridor_feature
D:3:      layout_loops_ring, serial_aquarium, aquarium_bridge_square
          [aquarium_subvault_bridge, aquarium_subvault_bridge,
          aquarium_subvault_window, aquarium_subvault_window],
          aquarium_window_corner, aquarium_window_3, aquarium_window_1,
          aquarium_view_2e, minmay_misc_feat_alley, minmay_pentangle
D:4:      layout_rooms, mainiacjoe_overflow_six_doors_small,
          kennysheep_ying_yang, uniq_grinder

Skill      XL: |  1  2  3  4 |
---------------+-------------+-----
Stealth        | 6 7 |  7.5
Short Blades   | 3 |  3.1
Fighting       | |  2.0
Throwing       | |  2.0
Dodging        | |  1.0

Action                   |  1- 3 |  4- 6 || total
-------------------------+-------+-------++-------
Melee: Dagger            |    55 |    33 ||    88
       Constrict         |    13 |     7 ||    20
       Tentacles         |     9 |     7 ||    16
  Use: Scroll            |     4 |     4 ||     8
 Stab: Sleeping          |    13 |     9 ||    22
Armor: Skin              |     3 |     1 ||     4
Dodge: Dodged            |    25 |    11 ||    36
